 Dungeon Crawl Stone Soup version 0.27-a0-1191-g601b473118 (webtiles) character file.

Game seed: 4256658976742899246

114 bande the Covered (level 4, -5/29 HPs)
             Began as a Gargoyle Fighter on May 24, 2021.
             Was an Initiate of Okawaru.
             Slain by an iguana (8 damage)
             ... on level 4 of the Dungeon.
             The game lasted 00:04:21 (2538 turns).

bande the Covered (Gargoyle Fighter)                Turns: 2538, Time: 00:04:21

Health: -5/29      AC: 13    Str: 19    XL:     4   Next: 97%
Magic:  4/4        EV:  5    Int:  9    God:    Okawaru [......]
Gold:   226        SH:  9    Dex: 10    Spells: 3/3 levels left

rFire    . . .     SeeInvis .   a - +0 war axe
rCold    . . .     Faith    .   c - +0 kite shield
rNeg     + . .     Spirit   .   h - +0 chain mail
rPois    ∞         Reflect  .   (no helmet)
rElec    +         Harm     .   (no cloak)
rCorr    .         Rampage  .   (no gloves)
Will     +....                  (no boots)
Stlth    ..........             (no amulet)
HPRegen  0.09/turn              f - +4 ring of slaying
MPRegen  0.09/turn              k - ring of willpower

@: no status effects
A: sickness immunity, AC +3, negative energy resistance 1, electricity
resistance, torment resistance 1, petrification resistance
a: Renounce Religion


You were on level 4 of the Dungeon.
You worshipped Okawaru.
Okawaru was noncommittal.
You visited 2 branches of the dungeon, and saw 5 of its levels.

You collected 226 gold pieces.

Inventory:

Hand Weapons
 a - a +0 war axe (weapon)
 p - a +0 mace
Armour
 c - a +0 kite shield (worn)
 h - a +0 chain mail (worn)
 q - a +0 chain mail
Jewellery
 f - a +4 ring of slaying (left hand)
 k - a ring of willpower (right hand)
Wands
 m - a wand of flame (21)
Scrolls
 l - a scroll of magic mapping
 o - a scroll of identify
 s - a scroll of fear {unknown}
Potions
 b - a potion of resistance {unknown}
 d - a potion of might
 e - 2 potions of lignification {unknown}
 g - a potion of ambrosia {unknown}
 i - a potion of invisibility {unknown}
 j - a potion of cancellation {unknown}
 n - a potion of mutation {unknown}
 r - a potion of flight {unknown}


   Skills:
 + Level 3.7 Fighting
 + Level 3.1 Axes
 + Level 4.2 Armour
 + Level 0.4 Dodging
 + Level 3.7 Shields
 * Level 0.1 Evocations


You had 3 spell levels left.
You didn't know any spells.
Your spell library was empty.

Dungeon Overview and Level Annotations

Branches:
Dungeon (4/15)             Temple (1/1) D:4

Altars:
Cheibriados
Dithmenos
Elyvilon
Okawaru
Qazlal
Sif Muna
Vehumet
Wu Jian
Xom
Zin


Innate Abilities, Weirdness & Mutations

You are immune to sickness and miasma.
Your stone body is resilient. (AC +3)
You are immune to poison.
You resist negative energy. (rN+)
You are resistant to electric shocks. (rElec)
You are resistant to unholy torment.
You are immune to petrification.


Message History

The iguana bites you. You block the frilled lizard's attack.
The iguana bites you. The frilled lizard barely misses you.
You barely miss the frilled lizard.
The frilled lizard bites something.
The frilled lizard bites you but does no damage.
The frilled lizard bites something.
You barely miss the iguana.
The iguana is heavily wounded.
The frilled lizard bites something.
The iguana bites you!
Your shield and chain mail prevent you from hitting the iguana.
The iguana is heavily wounded.
The frilled lizard bites something.
The iguana bites you.
The frilled lizard bites something.
You hit the iguana but do no damage.
The iguana is heavily wounded.
You block the iguana's attack.
The iguana bites you but does no damage.
Your shield and chain mail prevent you from hitting the iguana.
The iguana is heavily wounded.
The iguana bites you!
* * * LOW HITPOINT WARNING * * *
You are too injured to fight recklessly!
You are too injured to fight recklessly!
You are too injured to fight recklessly!
You are too injured to fight recklessly!
You are too injured to fight recklessly!
You are too injured to fight recklessly!
You are too injured to fight recklessly!
You are too injured to fight recklessly!
You are too injured to fight recklessly!
You are too injured to fight recklessly!
You are too injured to fight recklessly!
You hit the iguana but do no damage.
The iguana is moderately wounded.
You block the iguana's attack. The iguana bites you.
* * * LOW HITPOINT WARNING * * *
You hit the iguana but do no damage.
The iguana is moderately wounded.
The iguana bites you!
You die...

####.........#..........
........................
##.#.......#.#..##.###..
#................†.....
#.......###.#..##.###.#
#......(..###..##.# #.#
...(.#ll....P#..##.# #.#
.#...##l#....#.<##.# #.#
#.#. #@#..(.#..##.# #.#
#$ #.#...P#..##.# #
#.#P.P##..# .# #.# #.#
#.# ## ..# ###


You could see an iguana and 2 frilled lizards.

Vanquished Creatures
  Jessica (D:2)
  Terence (D:3)
  An adder (D:4)
  A worm (D:3)
  2 dart slugs (D:2)
  7 ball pythons
  4 bats
  5 endoplasms
  A giant cockroach (D:3)
  2 goblins (D:1)
  A hobgoblin (D:2)
  3 jackals (D:2)
  3 quokkas
  6 frilled lizards
  6 kobolds
  A rat (D:3)
45 creatures vanquished.

Vanquished Creatures (others)
  11 plants
11 creatures vanquished.

Grand Total: 56 creatures vanquished

Notes
Turn   | Place    | Note
-------+----------+-------------------------------------------
     0 | D:1      | bande the Gargoyle Fighter began the quest for the Orb.
     0 | D:1      | Reached XP level 1. HP: 14/14 MP: 1/1
   180 | D:1      | Reached XP level 2. HP: 17/19 MP: 2/2
   317 | D:1      | Found a faded altar of an unknown god.
  1037 | D:2      | Reached XP level 3. HP: 23/23 MP: 3/3
  1323 | D:2      | Noticed Jessica
  1324 | D:2      | Killed Jessica
  1325 | D:2      | Reached skill level 4 in Armour
  1325 | D:2      | Reached XP level 4. HP: 28/28 MP: 4/4
  1531 | D:3      | Found a shadowy altar of Dithmenos.
  1658 | D:3      | Found a shimmering altar of Xom.
  1793 | D:3      | Noticed Terence
  1803 | D:3      | Killed Terence
  1971 | D:3      | Found a white marble altar of Elyvilon.
  2249 | D:3      | Noticed a kobold brigand
  2416 | D:4      | Found a staircase to the Ecumenical Temple.
  2435 | Temple   | Entered the Ecumenical Temple
  2462 | Temple   | Became a worshipper of Warmaster Okawaru
  2538 | D:4      | Slain by an iguana

Illustrated notes

Levels and vault maps discovered:
D:1:      dpeg_arrival_arbitrary_b, layout_rooms,
          chequers_ecumenical_altar_island, solitary_fountain,
          minmay_tetromino_o2
D:2:      layout_loops_corners, uniq_jessica
D:3:      cheibrodos_thug_alley, layout_rooms, elyvilon_altar_4,
          overflow_temple_1_default, amcnicky_altar_gilded, serial_forest,
          infiniplex_forest_lined_2, infiniplex_forest_clump_large,
          infiniplex_forest_end_2, infiniplex_forest_lined_4_way,
          infiniplex_forest_clump_curved, infiniplex_forest_clump_large,
          infiniplex_forest_clump_large, infiniplex_forest_lined_2,
          infiniplex_forest_lined_corner, st_stairs_5, minmay_misc_feat_rows,
          corexii_hall_statues_l, kennysheep_generic_room_15, uniq_terence
D:4:      black_bear_nest_1, layout_loops_ring, temple_statues,
          minmay_lizard_king, uniq_sigmund
Temple:   nicolae_temple_god_jail

Skill      XL: |  1  2  3  4 |
---------------+-------------+-----
Axes           | 2 3 |  3.1
Armour         | 4 |  4.2
Fighting       | |  3.7
Dodging        | |  0.4
Shields        | |  3.7
Evocations     | |  0.1

Action                   |  1- 3 |  4- 6 || total
-------------------------+-------+-------++-------
Melee: War axe           |    76 |    45 ||   121
  Use: Scroll            |     4 |       ||     4
Armor: Chain mail        |    53 |    23 ||    76
Dodge: Dodged            |    16 |     7 ||    23
Block: Kite shield       |    34 |    21 ||    55

Table legend: (Time is in decaauts)
 A = Elapsed time spent in this place.
 B = Non-inter-level travel time spent in this place.
 C = Inter-level travel time spent in this place.
 D = Time resting spent in this place.
 E = Time spent auto-exploring this place.
 F = Levels seen in this place.
 G = Mean time per level.
                   A        B        C        D        E       F      G
               +--------+--------+--------+--------+--------+-----+--------+
         Total |   2621 |   2577 |     44 |    159 |   1892 |   5 |  524.2 |
       Dungeon |   2570 |   2526 |     44 |    159 |   1871 |   4 |  642.5 |
        Temple |     50 |     50 |      0 |      0 |     21 |   1 |   50.0 |
               +--------+--------+--------+--------+--------+-----+--------+

Top non-repeatable levels by time:
     D:2: 1000 daAuts
     D:3: 908 daAuts
     D:1: 582 daAuts
     D:4: 79 daAuts
  Temple: 50 daAuts
